SL
MISSISSIPPI BRAVES @ BIRMINGHAM BARONS
04/20/2024
 
TOP OF THE 1ST
Mississippi Braves batting - Pitching for Birmingham Barons : RHP Justin Jarvis
Pitching: RHP Justin Jarvis
Batting: RHB Nonie Williams 0-0: Called Strike
0-1: Ball
1-1: Ball
2-1: Swinging Strike
2-2: Ball
3-2: Strikes out swinging
Batting: RHB Brandon McIlwain 0-0: Ball
1-0: Ball
2-0: Swinging Strike
2-1: Ground out 6-3 (Groundball, 6MS, EV 68.1 MPH)
Batting: LHB Manel Penetra 0-0: Called Strike
0-1: Called Strike
0-2: Foul Ball, location: 3F
0-2: Strikes out swinging
Top of the 1st over - 0 runs, 0 hits, 0 errors, 0 left on base; Mississippi 0 - Birmingham 0
BOTTOM OF THE 1ST
Birmingham Barons batting - Pitching for Mississippi Braves : RHP Roger Brown
Pitching: RHP Roger Brown
Batting: SHB Xavier Edwards 0-0: Ball
1-0: Called Strike
1-1: Bunt missed!
1-2: Foul Ball, location: 2F
1-2: Ball
2-2: Foul Ball, location: 5SF
2-2: Foul Ball, location: 7LDF
2-2: Ball
3-2: Base on Balls
Batting: RHB Heliot Ramos 0-0: Ball
1-0: Ball
2-0: Called Strike
2-1: Sac Bunt to 15 - play at first, batter OUT! 1-3
Xavier Edwards to second
Batting: LHB Chad Rix 0-0: SINGLE (Groundball, 34D, EV 96.3 MPH)
Xavier Edwards to third
Runner from 3rd tries for Home, SAFE, throw by RF to home
Batting: LHB Tre' Morgan 0-0: SINGLE (Line Drive, 6D, EV 101.3 MPH)
Chad Rix to second
Batting: RHB Matt Gorski 0-0: Grounds into double play, 5-4-3 (Groundball, 5, EV 82.5 MPH)
Bottom of the 1st over - 1 run, 2 hits, 0 errors, 1 left on base; Mississippi 0 - Birmingham 1
TOP OF THE 2ND
Mississippi Braves batting - Pitching for Birmingham Barons : RHP Justin Jarvis
Batting: RHB Mark Vientos 0-0: Ball
1-0: Foul Ball, location: 2F
1-1: Fly out, F8 (Flyball, 89S, EV 83.1 MPH)
Batting: LHB Grant Lavigne 0-0: Foul Ball, location: 2F
0-1: Swinging Strike
0-2: Ball
1-2: Strikes out swinging
Batting: RHB Rafael Vázquez 0-0: Called Strike
0-1: Called Strike
0-2: Ball
1-2: Strikes out swinging
Top of the 2nd over - 0 runs, 0 hits, 0 errors, 0 left on base; Mississippi 0 - Birmingham 1
BOTTOM OF THE 2ND
Birmingham Barons batting - Pitching for Mississippi Braves : RHP Roger Brown
Batting: RHB Ty Wallach 0-0: SINGLE (Line Drive, 8LS, EV 88.1 MPH)
Batting: RHB Todd Jones 0-0: Sac Bunt to 5S - play at first, batter OUT! 5-3
Ty Wallach to second
Batting: LHB Jack Allen 0-0: Called Strike
0-1: Fly out, F8 (Flyball, 8RM, EV 94.4 MPH)
Batting: SHB Casey Opitz 0-0: Called Strike
0-1: Called Strike
0-2: Foul Ball, location: 2F
0-2: Ball
1-2: Strikes out looking
Bottom of the 2nd over - 0 runs, 1 hit, 0 errors, 1 left on base; Mississippi 0 - Birmingham 1
TOP OF THE 3RD
Mississippi Braves batting - Pitching for Birmingham Barons : RHP Justin Jarvis
Batting: RHB Christian Franklin 0-0: Foul Ball, location: 9LSF
0-1: Swinging Strike
0-2: Foul Ball, location: 9LMF
0-2: Foul Ball, location: 9LSF
0-2: Ball
1-2: Strikes out looking
Batting: LHB Logan Driscoll 0-0: Ball
1-0: Ball
2-0: Ball
3-0: Fly out, F8 (Flyball, 89M, EV 73.8 MPH)
Batting: RHB Luis Almanzar 0-0: Called Strike
0-1: Foul Ball, location: 5F
0-2: Strikes out swinging
Top of the 3rd over - 0 runs, 0 hits, 0 errors, 0 left on base; Mississippi 0 - Birmingham 1
BOTTOM OF THE 3RD
Birmingham Barons batting - Pitching for Mississippi Braves : RHP Roger Brown
Batting: SHB Xavier Edwards 0-0: Called Strike
0-1: Ball
1-1: Ground out 5-3 (Groundball, 56, EV 90.6 MPH)
Batting: RHB Heliot Ramos 0-0: Swinging Strike
0-1: Ball
1-1: Ball
2-1: Foul Ball, location: 25F
2-2: Ball
3-2: Base on Balls
Batting: LHB Chad Rix 0-0: Ball
1-0: Ball
2-0: Called Strike
2-1: Ball
3-1: Swinging Strike
3-2: Foul Ball, location: 5F
3-2: Foul Ball, location: 2F
3-2: Fly out, F6 (Line Drive, 6, EV 67.5 MPH)
Batting: LHB Tre' Morgan 0-0: Called Strike
0-1: Ball
1-1: Foul Ball, location: 2F
1-2: Ball
2-2: Ball
3-2: Foul Ball, location: 5SF
3-2: Foul Ball, location: 2F
3-2: Foul Ball, location: 2F
3-2: Base on Balls
Heliot Ramos to second
Batting: RHB Matt Gorski 0-0: Fielders Choice at 2nd, 6-4 (Groundball, 6, EV 80.0 MPH)
Bottom of the 3rd over - 0 runs, 0 hits, 0 errors, 2 left on base; Mississippi 0 - Birmingham 1
TOP OF THE 4TH
Mississippi Braves batting - Pitching for Birmingham Barons : RHP Justin Jarvis
Batting: RHB Nonie Williams 0-0: Called Strike
0-1: Swinging Strike
0-2: Ball
1-2: Foul Ball, location: 3F
1-2: Strikes out swinging
Batting: RHB Brandon McIlwain 0-0: Called Strike
0-1: Fly out, F8 (Flyball, 8RS, EV 81.3 MPH)
Batting: LHB Manel Penetra 0-0: Ball
1-0: Ground out 3-1 (Groundball, 34S, EV 88.1 MPH)
Top of the 4th over - 0 runs, 0 hits, 0 errors, 0 left on base; Mississippi 0 - Birmingham 1
BOTTOM OF THE 4TH
Birmingham Barons batting - Pitching for Mississippi Braves : RHP Roger Brown
Batting: RHB Ty Wallach 0-0: Called Strike
0-1: Ball
1-1: Ball
2-1: SINGLE (Line Drive, 7LS, EV 104.4 MPH)
Batting: RHB Todd Jones 0-0: Bunted foul
0-1: Ball
1-1: Ball
2-1: Ball
3-1: Bunted foul
3-2: Fly out, F7 (Flyball, 7D, EV 100.0 MPH)
Batting: LHB Jack Allen 0-0: Foul Ball, location: 3DF
0-1: SINGLE (Line Drive, 78S, EV 95.6 MPH)
Ty Wallach to second
Batting: SHB Casey Opitz 0-0: Ball
1-0: SINGLE (Groundball, 25, EV 63.8 MPH) (infield hit)
Ty Wallach to third
Jack Allen to second
Batting: SHB Xavier Edwards 0-0: Called Strike
0-1: Ball
1-1: Foul Ball, location: 2F
1-2: Ball
2-2: Foul Ball, location: 5DF
2-2: Ball
3-2: Foul Ball, location: 2F
3-2: Foul Ball, location: 2F
3-2: Foul Ball, location: 7LMF
3-2: Strikes out swinging
Batting: RHB Heliot Ramos 0-0: Ball
1-0: Foul Ball, location: 5F
1-1: Ground out 1-3 (Groundball, 13S, EV 71.3 MPH)
Bottom of the 4th over - 0 runs, 3 hits, 0 errors, 3 left on base; Mississippi 0 - Birmingham 1
TOP OF THE 5TH
Mississippi Braves batting - Pitching for Birmingham Barons : RHP Justin Jarvis
Batting: RHB Mark Vientos 0-0: Ball
1-0: Ground out 5-3 (Groundball, 56, EV 93.8 MPH)
Batting: LHB Grant Lavigne 0-0: Ball
1-0: Called Strike
1-1: Ball
2-1: Swinging Strike
2-2: Ball
3-2: Strikes out swinging
Batting: RHB Rafael Vázquez 0-0: Ball
1-0: Ball
2-0: Ground out 5-3 (Groundball, 5L, EV 83.1 MPH)
Top of the 5th over - 0 runs, 0 hits, 0 errors, 0 left on base; Mississippi 0 - Birmingham 1
BOTTOM OF THE 5TH
Birmingham Barons batting - Pitching for Mississippi Braves : RHP Roger Brown
Batting: LHB Chad Rix 0-0: Called Strike
0-1: Fly out, F8 (Flyball, 8LXD, EV 103.1 MPH)
Batting: LHB Tre' Morgan 0-0: Foul Ball, location: 23F
0-1: Foul Ball, location: 7LMF
0-2: SINGLE (Groundball, 3D, EV 104.4 MPH)
Batting: RHB Matt Gorski 0-0: Called Strike
0-1: Foul Ball, location: 5DF
0-2: Foul Ball, location: 2F
0-2: Ball
1-2: Foul Ball, location: 5F
1-2: Foul Ball, location: 2F
1-2: Ball
2-2: Foul Ball, location: 2F
2-2: SINGLE (Line Drive, 8RS, EV 106.9 MPH)
Tre' Morgan to second
Batting: RHB Ty Wallach 0-0: Foul Ball, location: 2F
0-1: Foul Ball, location: 23F
0-2: Ball
1-2: Strikes out swinging
Pitching: LHP Justin Fall
Batting: RHB Todd Jones 0-0: Ball
1-0: Ball
2-0: Ball
3-0: Called Strike
3-1: Foul Ball, location: 5FF
3-2: Foul Ball, location: 9LDF
3-2: Foul Ball, location: 3DF
3-2: Fly out, F1 (Popup, P, EV 88.8 MPH)
Bottom of the 5th over - 0 runs, 2 hits, 0 errors, 2 left on base; Mississippi 0 - Birmingham 1
TOP OF THE 6TH
Mississippi Braves batting - Pitching for Birmingham Barons : RHP Justin Jarvis
Batting: RHB Christian Franklin 0-0: Foul Ball, location: 9LDF
0-1: Ball
1-1: Swinging Strike
1-2: Strikes out looking
Batting: LHB Logan Driscoll 0-0: Ball
1-0: Called Strike
1-1: Ball
2-1: Called Strike
2-2: Foul Ball, location: 7LMF
2-2: Strikes out swinging
Batting: RHB Luis Almanzar 0-0: Ball
1-0: Called Strike
1-1: Ball
2-1: Ground out 6-3 (Groundball, 6M, EV 105.6 MPH)
Top of the 6th over - 0 runs, 0 hits, 0 errors, 0 left on base; Mississippi 0 - Birmingham 1
BOTTOM OF THE 6TH
Birmingham Barons batting - Pitching for Mississippi Braves : LHP Justin Fall
Batting: LHB Jack Allen 0-0: Swinging Strike
0-1: Foul Ball, location: 23F
0-2: Ball
1-2: Strikes out swinging
Batting: SHB Casey Opitz 0-0: Called Strike
0-1: Ball
1-1: Swinging Strike
1-2: Ball
2-2: Foul Ball, location: 9LMF
2-2: Ball
3-2: Base on Balls
Batting: SHB Xavier Edwards 0-0: Ball
1-0: Ball
2-0: SINGLE (Line Drive, 56D, EV 99.4 MPH)
Casey Opitz to second
Batting: RHB Heliot Ramos 0-0: Ball
1-0: Called Strike
1-1: Swinging Strike
1-2: 3-RUN HOME RUN (Flyball, 7D, EV 97.5 MPH), Distance : 375 ft
Pitching: RHP Ray Gaither
Batting: LHB Chad Rix 0-0: Swinging Strike
0-1: Ball
1-1: SINGLE (Flyball, 5D, EV 99.4 MPH)
Batting: LHB Tre' Morgan 0-0: Ball
1-0: Ball
2-0: Foul Ball, location: 2F
2-1: Grounds into double play, 3-6-3 (Groundball, 3, EV 79.4 MPH)
Bottom of the 6th over - 3 runs, 3 hits, 0 errors, 0 left on base; Mississippi 0 - Birmingham 4
TOP OF THE 7TH
Mississippi Braves batting - Pitching for Birmingham Barons : RHP Justin Jarvis
Batting: RHB Nonie Williams 0-0: Ball
1-0: Ball
2-0: Called Strike
2-1: Ball
3-1: Foul Ball, location: 2F
3-2: SINGLE (Line Drive, 4M, EV 93.8 MPH)
Batting: RHB Brandon McIlwain 0-0: Called Strike
0-1: Ball
1-1: Ball
2-1: Ground out 5-3 (Groundball, 56S, EV 70.0 MPH)
Nonie Williams to second
Batting: LHB Manel Penetra 0-0: Ball
1-0: Fly out, F8 (Line Drive, 78S, EV 99.4 MPH)
Batting: RHB Mark Vientos 0-0: Called Strike
0-1: Ball
1-1: Foul Ball, location: 2RF
1-2: Ball
2-2: Foul Ball, location: 2RF
2-2: Foul Ball, location: 5SF
2-2: Strikes out looking
Top of the 7th over - 0 runs, 1 hit, 0 errors, 1 left on base; Mississippi 0 - Birmingham 4
BOTTOM OF THE 7TH
Birmingham Barons batting - Pitching for Mississippi Braves : RHP Ray Gaither
Batting: RHB Matt Gorski 0-0: Ball
1-0: Ball
2-0: Foul Ball, location: 25F
2-1: Called Strike
2-2: Strikes out swinging, 2-3 out at first.
Batting: RHB Ty Wallach 0-0: Ground out 3-1 (Groundball, 34D, EV 108.8 MPH)
Batting: RHB Todd Jones 0-0: Ball
1-0: Called Strike
1-1: Foul Ball, location: 9LMFF
1-2: Foul Ball, location: 9LSF
1-2: Strikes out swinging
Bottom of the 7th over - 0 runs, 0 hits, 0 errors, 0 left on base; Mississippi 0 - Birmingham 4
TOP OF THE 8TH
Mississippi Braves batting - Pitching for Birmingham Barons : RHP Justin Jarvis
Batting: LHB Grant Lavigne 0-0: Called Strike
0-1: Ball
1-1: Ball
2-1: Ball
3-1: Foul Ball, location: 23FF
3-2: Fly out, F4 (Popup, 4D, EV 74.4 MPH)
Batting: RHB Rafael Vázquez 0-0: Called Strike
0-1: Foul Ball, location: 2F
0-2: Foul Ball, location: 3FF
0-2: Ball
1-2: Ground out 5-3 (Groundball, 5S, EV 87.5 MPH)
Batting: RHB Christian Franklin 0-0: Ball
1-0: Called Strike
1-1: Ball
2-1: Foul Ball, location: 5F
2-2: Fly out, F8 (Flyball, 8LXD, EV 86.9 MPH)
Top of the 8th over - 0 runs, 0 hits, 0 errors, 0 left on base; Mississippi 0 - Birmingham 4
BOTTOM OF THE 8TH
Birmingham Barons batting - Pitching for Mississippi Braves : RHP Ray Gaither
Batting: LHB Jack Allen 0-0: Called Strike
0-1: Fly out, F4 (Popup, 34D, EV 64.4 MPH)
Batting: SHB Casey Opitz 0-0: Called Strike
0-1: Ball
1-1: Called Strike
1-2: Ground out 4-3 (Groundball, 4, EV 102.5 MPH)
Batting: SHB Xavier Edwards 0-0: Ball
1-0: Ball
2-0: Ball
3-0: Called Strike
3-1: Called Strike
3-2: Ground out 1-3 (Groundball, 34S, EV 68.8 MPH)
Bottom of the 8th over - 0 runs, 0 hits, 0 errors, 0 left on base; Mississippi 0 - Birmingham 4
TOP OF THE 9TH
Mississippi Braves batting - Pitching for Birmingham Barons : RHP Justin Jarvis
Batting: LHB Logan Driscoll 0-0: Called Strike
0-1: Fly out, F8 (Flyball, 78D, EV 101.9 MPH)
Batting: RHB Luis Almanzar 0-0: Called Strike
0-1: Ball
1-1: DOUBLE (Line Drive, 5D, EV 106.3 MPH)
Pitching: LHP Bryant Bachleitner
Batting: RHB Nonie Williams 0-0: Ball
1-0: Foul Ball, location: 3F
1-1: Fly out, F8 (Flyball, 8LD, EV 93.1 MPH)
Batting: RHB Brandon McIlwain 0-0: Swinging Strike
0-1: Ball
1-1: Ball
2-1: Ground out 6-3 (Groundball, 6, EV 108.1 MPH)
Top of the 9th over - 0 runs, 1 hit, 0 errors, 1 left on base; Mississippi 0 - Birmingham 4
Monday, April 29th , 2024 - OOTP Baseball 24.11 Build 85